 Dungeon Crawl Stone Soup version 0.20-a0-504-g2c65edc (webtiles) character file.

22 M4edhros the Sneak (level 2, -3/18 HPs)
             Began as an Octopode Artificer on Jan 21, 2017.
             Slain by Crazy Yiuf
             ... wielding a +3 quarterstaff of chaos
              (6 damage)
             ... on level 3 of the Dungeon.
             The game lasted 00:00:43 (533 turns).

M4edhros the Sneak (Octopode Artificer)              Turns: 533, Time: 00:00:43

Health: -3/18      AC:  2    Str: 11    XL:     2   Next: 91%
Magic:  0/4        EV: 13    Int: 13    God:
Gold:   53         SH:  0    Dex: 12    Spells: 1/1 levels left

rFire    . . .     SeeInvis .   a - +0 short sword
rCold    . . .     Gourm    .   (no shield)
rNeg     . . .     Faith    .   (helmet restricted)
rPois    .         Spirit   .   (no amulet)
rElec    .         Reflect  .   i - +1 ring of protection
rCorr    .         Harm     .   (no ring)
MR       .....                  (no ring)
Stlth    +++.......             (no ring)
Regen    0.1/turn               (no ring)
                                (no ring)
                                (no ring)
                                (no ring)

@: no status effects
A: almost no armour, stealthy swim, amphibious, 8 rings, constrict 8, camouflage
1, gelatinous body 1
a: no special abilities


You were on level 3 of the Dungeon.
You were not hungry.

You visited 1 branch of the dungeon, and saw 3 of its levels.

You collected 53 gold pieces.

Inventory:

Hand Weapons
 a - a +0 short sword (weapon)
Missiles
 e - 34 stones (quivered)
Jewellery
 i - a +1 ring of protection (left tentacle)
Wands
 b - a wand of flame (12/48)
 c - a wand of enslavement (15/24)
 d - a wand of random effects (15/48)
Scrolls
 g - 2 scrolls of identify {unknown}
 h - a scroll of amnesia {unknown}
 k - a scroll of teleportation {unknown}
 n - a scroll of recharging {unknown}
Potions
 j - a potion of curing {unknown}
Comestibles
 f - a bread ration
 m - a meat ration


   Skills:
 - Level 1.0 Fighting
 - Level 1.0 Short Blades
 - Level 2.0 Dodging
 + Level 4.0 Stealth
 - Level 3.2 Evocations


You had one spell level left.
You didn't know any spells.

Dungeon Overview and Level Annotations

Branches:
Dungeon (3/15)

Altars:

Annotations:
D:3 Crazy Yiuf


Innate Abilities, Weirdness & Mutations

You cannot wear most types of armour.
You are very stealthy in the water. (Stealth+)
You are amphibious.
You can wear up to eight rings at the same time.
You can use your tentacles to constrict eight enemies at once.
Your skin changes colour to match your surroundings (Stealth+).
Your rubbery body absorbs attacks. (AC +1, EV +1)


Message History

Crazy Yiuf is heavily wounded.
Crazy Yiuf hits you with a quarterstaff of chaos!
Ouch! That really hurt!
* * * LOW HITPOINT WARNING * * *
You feel your power leaking away.
Evoke which item? (* to show all) (? for menu, Esc to quit)
Aiming: Throw Flame
Press: ? - help, Shift-Dir - straight line, f - Crazy Yiuf
Aim: Crazy Yiuf, wielding a quarterstaff of chaos and wearing a cloak (heavily wounded)
The puff of flame hits Crazy Yiuf.
Crazy Yiuf is severely wounded.
This wand has 13 charges left.
Crazy Yiuf closely misses you.
Evoke which item? (* to show all) (? for menu, Esc to quit)
Aiming: Throw Flame
Press: ? - help, Shift-Dir - straight line, f/p - Crazy Yiuf
Aim: Crazy Yiuf, wielding a quarterstaff of chaos and wearing a cloak (severely wounded)
The puff of flame misses Crazy Yiuf.
This wand has 12 charges left.
Crazy Yiuf cries, "Iron!
Gum down rumpyflump."
Crazy Yiuf hits you with a quarterstaff of chaos.
You die...

#####
#)g.#
#.@.#
#...#
########
##'##
#......#
♣.♣♣
#......#
♣♣.♣
#......#
♣.♣♣
#......#
♣♣.♣
#......#
♣♣.♣♣
#......#
♣♣.P.♣


You could see Crazy Yiuf.

Vanquished Creatures
  An adder (D:2)
  2 worms
  3 bats
  A giant cockroach (D:3)
  A hobgoblin (D:1)
8 creatures vanquished.

Notes
Turn   | Place    | Note
-------+----------+-------------------------------------------
     0 | D:1      | M4edhros the Octopode Artificer began the quest for the Orb.
     0 | D:1      | Reached XP level 1. HP: 13/13 MP: 3/3
    72 | D:1      | Reached skill level 2 in Stealth
   257 | D:2      | Reached skill level 3 in Stealth
   257 | D:2      | Reached XP level 2. HP: 15/18 MP: 4/4
   514 | D:3      | Reached skill level 4 in Stealth
   523 | D:3      | Found a runed door.
   527 | D:3      | Noticed Crazy Yiuf
   533 | D:3      | Slain by Crazy Yiuf

Vault maps used:
D:1:      minmay_arrival_loop, minmay_misc_feat_plants
D:2:      nicolae_overflow_hidden_temple, kennysheep_another_room, uniq_terence
D:3:      chequers_ecumenical_altar_lobes, first_bread, uniq_iyjb,
          uniq_crazy_yiuf_cottage

Skill      XL: |  1  2 |
---------------+-------+-----
Stealth        | 3 4 |  4.0
Fighting       | |  1.0
Short Blades   | |  1.0
Dodging        | |  2.0
Evocations     | |  3.2

Action                   || total
-------------------------++-------
Melee: Short sword       ||    22
       Constrict         ||     6
       Tentacles         ||     5
Evoke: Wand              ||     3
 Stab: Sleeping          ||     3
Armor: Skin              ||     3
Dodge: Dodged            ||    10
